 Dungeon Crawl Stone Soup version 0.27-a0-1206-g6342a01c75 (webtiles) character file.

Game seed: 18040824229309267591

165 win2k the Magician (level 5, 0/52 HPs)
             Began as a Djinni Ice Elementalist on June 5, 2021.
             Was an Initiate of Ashenzari.
             Killed by divine providence
             ... invoked by an orc priest
              (9 damage)
             ... on level 3 of the Dungeon.
             The game lasted 00:36:21 (3985 turns).

win2k the Magician (Djinni Ice Elementalist)        Turns: 3985, Time: 00:36:21

Health: 0/52       AC: 22    Str:  7    XL:     5   Next: 75%
Gold:   101        EV:  2    Int: 17    God:    Ashenzari [......] SH:  0 Dex: 14

rFire    . . .     SeeInvis .   (no weapon)
rCold    . . .     Faith    .   (no shield)
rNeg     + + +     Spirit   .   (armour currently unavailable)
rPois    ∞         Reflect  .   (helmet currently unavailable)
rElec    .         Harm     .   (cloak currently unavailable)
rCorr    .         Rampage  .   (gloves currently unavailable)
Will     .....     NoTele   +   (boots unavailable)
Stlth    ++........             (no amulet)
HPRegen  0.17/turn              (no ring)
MPRegen  0.00/turn              (no ring)

@: tree-form
A: stationary, stasis, torment immunity, boosted hp, sickness immunity, (fire
resistance 2), (cold vulnerability 1), float, innate caster, hp casting, extra
vitality 1
a: Renounce Religion, Curse Item


You were on level 3 of the Dungeon.
You worshipped Ashenzari.
Ashenzari was noncommittal.
You were a tree.
You visited 1 branch of the dungeon, and saw 4 of its levels.

You collected 101 gold pieces.

Inventory:

Hand Weapons
 g - a +2 short sword of freezing
Armour
 a - a +0 robe (melded)
Scrolls
 b - 4 scrolls of identify
 d - 2 scrolls of teleportation
 f - a scroll of holy word
 l - a scroll of magic mapping
Potions
 c - a potion of berserk rage
 e - a potion of heal wounds
 h - 2 potions of might
 i - a potion of brilliance


   Skills:
 + Level 0.1 Fighting
 + Level 2.6 Dodging
 + Level 2.1 Stealth
 + Level 4.9 Spellcasting


You couldn't memorise any spells.
You knew the following spells:

 Your Spells              Type           Power      Damage    Failure   Level
a - Freeze                Ice            80%        1d9       1%          1
b - Frozen Ramparts       Ice            40%        1d6       6%          3
c - Ozocubu's Armour      Ice            20%        N/A       6%          3
d - Hailstorm             Conj/Ice       20%        3d6       19%         4
e - Metabolic Englaciati  Hex/Ice        10%        N/A       47%         5
f - Apportation           Tloc           40%        N/A       1%          1
g - Slow                  Hex            20%        N/A       3%          2
Your spell library was empty.

Dungeon Overview and Level Annotations

Branches:
Dungeon (4/15)
 Temple: D:4-7

Altars:
Ashenzari
Dithmenos

Annotations:
D:3 Grinder


Innate Abilities, Weirdness & Mutations

You are a tree.
Your roots penetrate the ground, keeping you stationary.
You cannot be teleported.
You are immune to unholy pain and torment.
Your maximum health is greatly increased.
Your equipment is partially melded.
You are immune to sickness and miasma.
You are immune to poison.
((Your flesh is very heat resistant. (rF++)))
((You are vulnerable to cold. (rC-)))
You float through the air rather than walking.
You learn spells naturally, not from books.
Your magical power is your life essence.
You have superior vitality. (+4 HP)


Message History

The wall freezes the orc priest. x2
The wall freezes the orc priest.
The orc priest invokes the aid of Beogh against you.
Beogh smites you!
* * * LOW HITPOINT WARNING * * *
The wall freezes the orc priest.
The orc priest hits you but does no damage.
Casting: Frozen Ramparts (dangerous; 6% risk of failure)
Confirm with . or Enter, or press ? or * to list all spells.
A film of ice covers your body!
* * * LOW HITPOINT WARNING * * *
The wall freezes the orc.
The wall freezes the orc priest. x2
The orc priest closely misses you.
The wall freezes the orc.
Really quaff the potion of lignification?
You turn into a tree.
Your +0 robe melds into your body.
Your roots penetrate the ground.
Your icy armour cracks and falls away as you move.
The frozen ramparts melt away as you move.
The orc priest barely misses you.
You hit the orc priest.
The orc priest is almost dead.
The orc priest calls upon Beogh to heal the orc.
The orc is healed somewhat.
You smack the orc priest!
You kill the orc priest!
You hit the orc but do no damage.
The orc is lightly wounded.
The orc hits you but does no damage.
You smack the orc!
You kill the orc!
The orc priest miscasts a cantrip.
You cannot move.
You hit the orc priest.
The orc priest is almost dead.
The orc priest hits you but does no damage.
You barely miss the orc priest.
The orc priest is almost dead.
The orc priest mumbles some strange prayers to Beogh against you.
Beogh smites you!
You die...

#.# #.# #.# #.#
###.### #.....#
#.....#########
#######.....##......#
#..o♣........#.####.#
#.#####......#.# #.#
##...#####.##)#.####.#
#.o...####.##..#......
#................###..
#...o.####.......#####
##...## ####.#...^...
#...# #.#.######
#.<... ............


You could see an orc priest.

Vanquished Creatures
  An orc priest (D:3)
  Natasha (D:3)
  5 adders
  2 dart slugs (D:1)
  2 orcs (D:3)
  3 ball pythons
  6 bats
  2 endoplasms
  3 goblins
  8 hobgoblins
  11 jackals
  5 kobolds
  3 quokkas
  A frilled lizard (D:2)
  6 rats
59 creatures vanquished.

Notes
Turn   | Place    | Note
-------+----------+-------------------------------------------
     0 | D:1      | win2k the Djinni Ice Elementalist began the quest for the
                  | Orb.
     0 | D:1      | Reached XP level 1. HP: 15/15 MP: 0/0
   157 | D:1      | Reached XP level 2. HP: 16/21 MP: 0/0
   390 | D:1      | Found a faded altar of an unknown god.
   398 | D:1      | Became a worshipper of Ashenzari the Shackled
   916 | D:1      | Reached XP level 3. HP: 22/25 MP: 0/0
   916 | D:1      | Learned a level 1 spell: Apportation
  1303 | D:2      | Found a shadowy altar of Dithmenos.
  1438 | D:2      | Reached skill level 4 in Spellcasting
  1717 | D:2      | Reached XP level 4. HP: 27/31 MP: 0/0
  2512 | D:3      | Noticed Natasha
  2921 | D:3      | Noticed Grinder
  3171 | D:3      | Killed Natasha
  3172 | D:3      | Reached XP level 5. HP: 20/35 MP: 0/0
  3172 | D:3      | Learned a level 2 spell: Slow
  3361 | D:3      | Paralysed by Grinder for 4 turns
  3739 | D:4      | Noticed a phantom
  3985 | D:3      | Killed from afar by an orc priest

Illustrated notes

Levels and vault maps discovered:
D:1:      erik_arrival_orb_chamber, layout_loops_ring,
          hellmonk_ecumenical_altar_leap_of_faith, minmay_tall_x
D:2:      layout_rooms, serial_co_window_serial, co_window_paths_a,
          co_window_of_opportunity_a, co_window_paths_a, co_window_corner_a,
          co_window_of_opportunity_a, co_window_paths_b,
          co_window_of_opportunity_a, co_window_paths_b,
          co_window_of_opportunity_a, co_window_2corner, co_window_corner_b,
          co_window_corner_b, glass_columns_b, glass_columns_a, glass_columns_c,
          basic_altar, kennysheep_generic_room_4
D:3:      layout_loops_ring, uniq_grinder, uniq_natasha
D:4:      layout_loops_ring, uniq_sigmund

Skill      XL: |  1  2  3  4 |
---------------+-------------+-----
Spellcasting   | 4 |  4.9
Stealth        | 2 |  2.1
Fighting       | |  0.1
Dodging        | |  2.6

Action                   |  1- 3 |  4- 6 || total
-------------------------+-------+-------++-------
Melee: Unarmed           |     1 |     6 ||     7
 Cast: Freeze            |    42 |    58 ||   100
       Ozocubu's Armour  |     1 |     3 ||     4
       Apportation       |       |     2 ||     2
       Frozen Ramparts   |       |     2 ||     2
  Use: Scroll            |       |     2 ||     2
       Potion            |       |     3 ||     3
Armor: Robe              |    10 |    28 ||    38
       Skin              |       |     2 ||     2
Dodge: Dodged            |    18 |    40 ||    58

Table legend: (Time is in decaauts)
 A = Elapsed time spent in this place.
 B = Non-inter-level travel time spent in this place.
 C = Inter-level travel time spent in this place.
 D = Time resting spent in this place.
 E = Time spent auto-exploring this place.
 F = Levels seen in this place.
 G = Mean time per level.
                   A        B        C        D        E       F      G
               +--------+--------+--------+--------+--------+-----+--------+
         Total |   3986 |   3961 |     25 |   1447 |   1586 |   4 |  996.5 |
       Dungeon |   3986 |   3961 |     25 |   1447 |   1586 |   4 |  996.5 |
               +--------+--------+--------+--------+--------+-----+--------+

Top non-repeatable levels by time:
     D:3: 1412 daAuts
     D:2: 1176 daAuts
     D:1: 960 daAuts
     D:4: 437 daAuts
